 Dungeon Crawl Stone Soup version 0.31.0-4-g52a2dc7128 (webtiles) character file.

Game seed: 9178697543391983514

70340 Peloso the Peltast (level 14, -7/130 HPs)
             Began as a Minotaur Fighter on Jan 21, 2024.
             Was the Champion of Okawaru.
             Killed from afar by an oklob plant (22 damage)
             ... with a splash of acid
             ... on level 4 of the Lair of Beasts.
             The game lasted 00:47:15 (20821 turns).

Peloso the Peltast (Minotaur Fighter)              Turns: 20821, Time: 00:47:16

Health: -7/130     AC: 12    Str: 20    XL:     14   Next: 93%
Magic:  13/13      EV: 26    Int:  4    God:    Okawaru [******]
Gold:   1277       SH: 23    Dex: 25    Spells: 13/13 levels left

rFire   + . .        b - +2 scimitar (flame)
rCold   . . .        d - +0 kite shield
rNeg    . . .        K - +4 plate armour {rF+}
rPois   .            (helmet restricted)
rElec   .            O - +1 cloak {Will+}
rCorr   .            z - +0 pair of gloves
SInv    .            (no boots)
Will    ++...        m - amulet of the acrobat Stlth
                     G - +4 ring of slaying
HPRegen 0.41/turn    h - +6 ring of dexterity
MPRegen 0.13/turn

%: acrobat
@: corroded, acrobatic
A: horns 2, retaliatory headbutt, large bone plates 2, agile 1
a: Renounce Religion, Heroism, Finesse, Duel, Receive Weapon, Receive Armour


You were on level 4 of the Lair of Beasts.
You worshipped Okawaru.
Okawaru was exalted by your worship.
You visited 4 branches of the dungeon, and saw 19 of its levels.
You also visited: Bailey and Volcano.

You collected 1797 gold pieces.
You spent 520 gold pieces at shops.

Inventory:

Hand Weapons
 a - a +1 scimitar of freezing
 b - a +2 scimitar of flaming (weapon)
 c - a +0 heavy long sword
 Q - a +2 hand cannon of flaming
Armour
 d - a +0 kite shield (worn)
 z - a +0 pair of gloves (worn)
 E - a +0 cloak
 K - a +4 plate armour of fire resistance (worn)
 O - a +1 cloak of willpower (worn)
 R - a +4 chain mail of fire resistance
 V - +1 fire dragon scales
Jewellery
 h - a +6 ring of dexterity (right hand)
 m - an amulet of the acrobat (around neck)
 G - a +4 ring of slaying (left hand)
Wands
 g - a wand of charming (11)
 v - a wand of quicksilver (7)
 x - a wand of polymorph (7)
 F - a wand of flame (77)
 I - a wand of iceblast (10)
 J - a wand of digging (8)
Scrolls
 e - 6 scrolls of teleportation
 i - 7 scrolls of identify
 j - 4 scrolls of fear
 l - a scroll of brand weapon
 n - 4 scrolls of enchant weapon
 o - 3 scrolls of poison
 q - a scroll of summoning
 y - 4 scrolls of fog
 A - a scroll of immolation
 C - a scroll of blinking
 M - 6 scrolls of enchant armour
 S - a scroll of amnesia
 U - a scroll of vulnerability
 W - a scroll of acquirement
 X - a scroll of revelation
Potions
 f - 3 potions of enlightenment
 k - 6 potions of invisibility
 p - 4 potions of haste
 r - 3 potions of degeneration
 s - 2 potions of attraction
 t - 5 potions of curing
 u - 2 potions of magic
 w - 2 potions of resistance
 B - 3 potions of mutation
 D - a potion of ambrosia
 H - 6 potions of heal wounds
 N - 2 potions of cancellation
 P - 2 potions of might
 T - a potion of berserk rage
Miscellaneous
 L - a box of beasts


   Skills:
 + Level 13.7 Fighting
 + Level 16.0 Long Blades
 + Level 13.0 Armour
 + Level 7.1 Dodging
 + Level 3.4 Stealth
 + Level 18.3 Shields
 + Level 1.3 Invocations
 + Level 3.8 Evocations


You had 13 spell levels left.
You didn't know any spells.
Your spell library contained the following spells:

 Spells                   Type           Power      Damage    Failure   Level
 Apportation              Tloc           0%         N/A       100%        1
 Kiss of Death            Conj/Necr      0%         2d5       100%        1
 Necrotise                Necr           0%         1d4       100%        1
 Shock                    Conj/Air       0%         1d3       100%        1
 Sting                    Conj/Alch      0%         1d3       100%        1
 Confusing Touch          Hex            0%         N/A       100%        3
 Dazzling Flash           Conj/Hex       0%         N/A       100%        3
 Hailstorm                Conj/Ice       0%         3d5       100%        3
 Swiftness                Air            0%         N/A       100%        3
 Volatile Blastmotes      Fire/Tloc      0%         2d10      100%        3
 Airstrike                Air            0%         2d(0-16)  100%        4
 Dimensional Bullseye     Hex/Tloc       0%         N/A       100%        4
 Dispel Undead            Necr           0%         3d6       100%        4
 Iskenderun's Mystic Bla  Conj/Tloc      0%         2d3       100%        4
 Passage of Golubria      Tloc           0%         N/A       100%        4
 Yara's Violent Unravell  Hex/Alch       0%         3d3       100%        5
 Starburst                Conj/Fire      0%         6d3       100%        6
 Orb of Destruction       Conj           0%         9d5       100%        7
 Maxwell's Capacitive Co  Air            0%         ∞         100%        8
 Summon Small Mammal      Summ           Unusable   N/A       N/A         1
 Summon Ice Beast         Ice/Summ       Unusable   N/A       N/A         3
 Tukima's Dance           Hex            Unusable   N/A       N/A         3
 Summon Blazeheart Golem  Fire/Summ      Unusable   N/A       N/A         4
 Summon Forest            Summ/Tloc      Unusable   N/A       N/A         5
 Summon Mana Viper        Hex/Summ       Unusable   N/A       N/A         5
 Sculpt Simulacrum        Ice/Alch       Unusable   N/A       N/A         6
 Summon Cactus Giant      Summ           Unusable   N/A       N/A         6
 Spellforged Servitor     Conj/Summ      Unusable   N/A       N/A         7

Dungeon Overview and Level Annotations

Branches:
Dungeon (12/15)            Temple (1/1) D:7            Lair (4/5) D:11
  Swamp (0/4) Lair:3       Spider (0/4) Lair:3        Slime (0/5) Lair:4
    Orc (2/2) D:10            Elf (0/3) Orc:2        Bailey (visited)
Volcano (visited)

Altars:
Ashenzari
Cheibriados
Dithmenos
Elyvilon
Fedhas
Gozag
Hepliaklqana
Kikubaaqudgha
Makhleb
Nemelex Xobeh
Okawaru
Qazlal
Ru
Sif Muna
Trog
Uskayaw
Vehumet
Wu Jian
Xom
Yredelemnul
Zin
The Shining One

Shops:
D:9 (   D:12 !   Orc:2 [([?!

Portals:
Trove: D:11 (give 7 scrolls of fog)

Annotations:
Lair:4 exclusion: oklob plant


Innate Abilities, Weirdness & Mutations

You have a pair of horns on your head.
You reflexively headbutt those who attack you in melee.
You are mostly covered in large bone plates. (SH +6)
You are agile. (Dex +4, Str/Int -1)


Message History

The splash of acid hits you!! The acid corrodes you!
You hit the oklob plant. You burn the oklob plant.
The oklob plant is severely damaged.
You hit the oklob plant but do no damage.
The oklob plant is severely damaged.
The oklob plant spits acid at you. The splash of acid hits you!!
The acid corrodes you! The oklob plant spits acid at you.
You block the splash of acid.
You hit the oklob plant but do no damage.
You headbutt the oklob plant!
The oklob plant is almost destroyed.
Unknown command.
You hit the oklob plant but do no damage.
You headbutt the oklob plant, but do no damage.
The oklob plant is almost destroyed.
The electric eel shoots out a bolt of lightning at you!
The bolt of electricity hits you! The oklob plant spits acid at you.
The splash of acid hits you. The acid corrodes you!
You hit the oklob plant. You burn the oklob plant.
You destroy the oklob plant!
Okawaru accepts your kill.
The electric eel shoots out a bolt of lightning at you!
The bolt of electricity hits you.
Unknown command.
The electric eel shoots out a bolt of lightning at you!
The bolt of electricity hits you!
* * * LOW HITPOINT WARNING * * *
The electric eel shoots out a bolt of lightning at you!
The bolt of electricity misses you. The oklob plant spits acid at you.
The splash of acid hits you!
* * * LOW HITPOINT WARNING * * *
The electric eel shoots out a bolt of lightning at you!
The bolt of electricity hits you.
* * * LOW HITPOINT WARNING * * *
The oklob plant spits acid at you. The splash of acid hits you!!
You die...

....P.#.....
##.....P.........
##.#...##.......<. .#
#..#...P#..#.#..†#
.....#####......###......#†
...#.#..P#......#...##....#
................+.....##..#
...........P...##......####
..>.......@#........8...#
......P.......###........#
.......>.......#####.......
...............# #.#..8..
..?..........~.............
....S.....♣.~~.............
....~♣♣♣....~~.....8 8.
....~ ♣♣♣♣~~~...... ....
♣~~~......


You could see an oklob plant and an electric eel.

Vanquished Creatures
  An orc warlord (Bailey)
  Nessos (D:12)
  An eleionoma (Lair:3)
  Azrael (Orc:2)
  Snorg (D:11)
  A vault guard (D:11)
  Erolcha (D:12)
  A hydra (Lair:2)
  An ogre mage (Volcano)
  A catoblepas (Lair:3)
  A boulder beetle (D:12)
  3 two-headed ogres (Volcano)
  Urug (Lair:3)
  2 death yaks (Lair:1)
  A hell knight (Volcano)
  3 orc high priests (Orc:2)
  3 skysharks (Lair:2)
  3 skeletal warriors (D:12)
  A lindwurm (Lair:3)
  Pikel (D:6)
  An obsidian statue (Volcano)
  4 oklob plants
  6 orc knights
  2 deep elf pyromancers (D:12)
  4 orc sorcerers
  Maurice (Orc:1)
  3 ugly things
  2 cyclopes (D:11)
  4 kobold blastminers
  6 elephants
  2 black mambas
  15 cane toads
  A torpor snail (Lair:1)
  2 rime drakes
  10 komodo dragons
  6 trolls
  A merfolk (D:9)
  A polar bear (Lair:2)
  A hornet (Lair:2)
  15 blink frogs
  Grinder (D:3)
  14 dream sheep (Lair:3)
  A jumping spider (Lair:3)
  Sigmund (D:2)
  4 wyverns
  39 yaks
  6 fire bats
  4 fire elementals
  A wraith (D:10)
  2 vampire mosquitoes (D:12)
  4 steam dragons
  A warg (Orc:1)
  2 redbacks (Lair:3)
  A basilisk (Lair:2)
  Edmund (D:6)
  3 acid dragons
  Duvessa (D:6)
  10 water moccasins
  5 hell hounds
  17 orc warriors
  A black bear (D:11)
  An ice beast (D:6)
  6 ogres
  13 wolves
  7 centaurs
  A lemure (D:7)
  2 kobold brigands
  12 bullfrogs
  3 gnoll sergeants
  4 scorpions
  4 wights (D:9)
  Dowan (D:6)
  13 killer bees
  3 howler monkeys
  3 lava snakes (Volcano)
  3 bombardier beetles
  A crimson imp (D:4)
  Crazy Yiuf (D:3)
  4 jellies
  15 orc priests
  A gnoll bouda (D:8)
  A hound (D:4)
  Natasha (D:2)
  23 orc wizards
  4 hell rats (Lair:1)
  6 adders
  28 gnolls
  A white imp (D:5)
  2 ufetubi (D:6)
  2 ribbon worms
  60 orcs
  5 endoplasms
  3 giant cockroaches
  19 goblins
  10 hobgoblins
  3 jackals (D:2)
  6 kobolds
  A quokka (D:2)
  6 ball pythons
  3 bats
  4 frilled lizards
  6 rats
527 creatures vanquished.

Vanquished Creatures (others)
  Psyche (D:10)
1 creature vanquished.

Grand Total: 528 creatures vanquished

Notes
Turn   | Place    | Note
-------+----------+-------------------------------------------
     0 | D:1      | Peloso the Minotaur Fighter began the quest for the Orb.
     0 | D:1      | Reached XP level 1. HP: 19/19 MP: 0/0
   285 | D:1      | Reached XP level 2. HP: 25/27 MP: 1/1
   773 | D:1      | Gained mutation: You are partially covered in large bone
                  | plates. (SH +4) [potion of mutation]
   773 | D:1      | Gained mutation: You are mostly covered in large bone
                  | plates. (SH +6) [potion of mutation]
   773 | D:1      | Gained mutation: You are agile. (Dex +4, Str/Int -1)
                  | [potion of mutation]
   942 | D:2      | Reached XP level 3. HP: 33/33 MP: 2/2
  1074 | D:2      | Noticed Natasha
  1082 | D:2      | Killed Natasha
  1083 | D:2      | Reached skill level 1 in Dodging
  1083 | D:2      | Reached skill level 4 in Shields
  1265 | D:2      | Noticed Sigmund
  1316 | D:3      | Reached XP level 4. HP: 40/40 MP: 3/3
  1648 | D:3      | Found a sparkling altar of Nemelex Xobeh.
  1724 | D:3      | Found a faded altar of an unknown god.
  1748 | D:3      | Noticed Grinder
  1754 | D:3      | Paralysed by Grinder for 4 turns
  1773 | D:3      | Killed Grinder
  1774 | D:3      | Reached skill level 5 in Long Blades
  1774 | D:3      | Reached XP level 5. HP: 10/47 MP: 4/4
  1774 | D:3      | Reached XP level 6. HP: 11/53 MP: 5/5
  1988 | D:3      | Found a runed translucent door.
  1989 | D:3      | Noticed Crazy Yiuf
  2873 | D:4      | Reached skill level 5 in Armour
  3011 | D:4      | Reached skill level 5 in Shields
  3011 | D:4      | Reached XP level 7. HP: 59/60 MP: 6/6
  3224 | D:4      | Found a shimmering altar of Xom.
  3224 | D:4      | Found a burning altar of Makhleb.
  3244 | D:4      | Paralysed by a crimson imp for 1 turns
  3744 | D:5      | Entered Level 5 of the Dungeon
  3835 | D:5      | Identified the +1 war axe "Duelluuv" {flame, rElec rPois}
  4141 | D:2      | Killed Sigmund
  4142 | D:2      | Reached skill level 5 in Fighting
  4335 | D:3      | Killed Crazy Yiuf
  4521 | D:6      | Reached XP level 8. HP: 16/69 MP: 7/7
  5034 | D:6      | Found an ancient bone altar of Kikubaaqudgha.
  5085 | D:6      | Noticed Duvessa
  5100 | D:6      | Killed Duvessa
  5101 | D:6      | Reached skill level 6 in Shields
  5109 | D:6      | Noticed Dowan
  5129 | D:6      | Killed Dowan
  5221 | D:6      | Found an opulent altar of Gozag.
  5238 | D:6      | Noticed Edmund
  5269 | D:6      | Killed Edmund
  5835 | D:7      | Noticed Pikel
  5855 | D:6      | Killed Pikel
  5856 | D:6      | Reached skill level 7 in Shields
  5856 | D:6      | Reached XP level 9. HP: 49/78 MP: 8/8
  6141 | D:7      | Reached skill level 1 in Stealth
  6619 | D:7      | Found a staircase to the Ecumenical Temple.
  6636 | Temple   | Entered the Ecumenical Temple
  6704 | D:7      | Reached skill level 10 in Long Blades
  6892 | D:8      | Reached skill level 8 in Shields
  7073 | D:8      | Found a flagged portal.
  7092 | Bailey   | Entered a bailey
  7189 | Bailey   | Noticed an orc knight
  7203 | Bailey   | Killed an orc knight
  7204 | Bailey   | Reached skill level 1 in Evocations
  7315 | Bailey   | Reached XP level 10. HP: 77/86 MP: 9/9
  7338 | Bailey   | Reached skill level 9 in Shields
  7533 | Bailey   | Noticed an orc knight
  7535 | Bailey   | Noticed an orc warlord
  7574 | Bailey   | Killed an orc knight
  7850 | Bailey   | HP: 4/88 [orc warlord/+7 battleaxe (17)]
  7889 | Bailey   | Killed an orc warlord
  8198 | Bailey   | Reached skill level 5 in Dodging
  8198 | Bailey   | Reached skill level 10 in Shields
  8198 | Bailey   | Reached XP level 11. HP: 97/97 MP: 10/10
  8531 | D:8      | Found a snail-covered altar of Cheibriados.
  8731 | D:9      | Found Ytholy's Antique Weapon Shoppe.
  9003 | D:9      | Found an iron altar of Okawaru.
  9179 | D:9      | Became a worshipper of Warmaster Okawaru
  9431 | D:9      | Reached skill level 11 in Shields
  9446 | D:9      | Found a hide-covered altar of Uskayaw.
  9829 | D:9      | Found a blossoming altar of Fedhas.
 10013 | D:10     | Entered Level 10 of the Dungeon
 10032 | D:10     | Reached * piety under Okawaru
 10216 | D:10     | Found a sacrificial altar of Ru.
 10225 | D:10     | Noticed Psyche
 10250 | D:10     | Killed Psyche
 10251 | D:10     | Reached XP level 12. HP: 98/106 MP: 11/11
 10405 | D:10     | Found a staircase to the Orcish Mines.
 10464 | D:10     | Found a glowing golden altar of the Shining One.
 10689 | D:10     | Found a bloodstained altar of Trog.
 10692 | D:10     | Found a basalt altar of Yredelemnul.
 10694 | D:10     | Found a white marble altar of Elyvilon.
 10851 | D:11     | Noticed Snorg
 10904 | D:11     | Reached ** piety under Okawaru
 10905 | D:11     | Reached skill level 10 in Armour
 11081 | D:11     | Noticed a vault guard
 11096 | D:11     | Killed a vault guard
 11097 | D:11     | Reached skill level 10 in Fighting
 11100 | D:11     | Found a portal to a secret trove of treasure.
 11301 | D:11     | Reached skill level 12 in Shields
 11453 | D:11     | Found a staircase to the Lair.
 11684 | D:11     | Killed Snorg
 12023 | Lair:1   | Entered Level 1 of the Lair of Beasts
 12074 | Lair:1   | Found a dark tunnel.
 12118 | Volcano  | Entered a volcano
 12152 | Volcano  | Reached *** piety under Okawaru
 12248 | Volcano  | Noticed a two-headed ogre
 12254 | Volcano  | Killed a two-headed ogre
 12317 | Volcano  | Noticed a two-headed ogre
 12318 | Volcano  | Noticed an ogre mage
 12318 | Volcano  | Noticed a two-headed ogre
 12325 | Volcano  | Killed an ogre mage
 12331 | Volcano  | Killed a two-headed ogre
 12685 | Volcano  | Killed a two-headed ogre
 12686 | Volcano  | Reached skill level 13 in Shields
 12781 | Volcano  | Found a radiant altar of Vehumet.
 13211 | Lair:1   | Found a stormy altar of Qazlal.
 13226 | Lair:1   | Reached skill level 1 in Invocations
 13350 | Lair:1   | Reached **** piety under Okawaru
 13361 | Lair:1   | Reached XP level 13. HP: 115/116 MP: 12/12
 13768 | Lair:1   | Reached skill level 14 in Shields
 14101 | Lair:2   | Reached ***** piety under Okawaru
 14761 | Lair:2   | Reached skill level 15 in Shields
 14894 | Lair:2   | Received a gift from Okawaru
 15005 | Lair:2   | Reached skill level 15 in Long Blades
 15521 | D:5      | Found an ornate altar of the Wu Jian Council.
 15665 | D:5      | Found an iron altar of Okawaru.
 15939 | D:12     | Noticed Erolcha
 16193 | D:12     | Killed Erolcha
 16380 | D:12     | Identified a scroll of acquirement
 16430 | D:12     | Found Caocsaghao's Distillery.
 16433 | D:12     | Bought a potion of might for 68 gold pieces
 16433 | D:12     | Bought a potion of heal wounds for 85 gold pieces
 16829 | D:12     | Noticed Nessos
 16855 | D:12     | Killed Nessos
 16855 | D:12     | Received a gift from Okawaru
 16856 | D:12     | Reached skill level 16 in Shields
 17079 | Orc:1    | Entered Level 1 of the Orcish Mines
 17235 | Orc:1    | Noticed Maurice
 17239 | Orc:1    | Killed Maurice
 17315 | Orc:2    | Entered Level 2 of the Orcish Mines
 17480 | Orc:2    | Found a staircase to the Elven Halls.
 17488 | Orc:2    | Found a transporter.
 17567 | Orc:2    | Noticed Azrael
 17582 | Orc:2    | Killed Azrael
 17583 | Orc:2    | Reached XP level 14. HP: 111/127 MP: 10/13
 18103 | Orc:2    | Received a gift from Okawaru
 18222 | Orc:2    | Found Ziqeum's Antique Weapon Shoppe.
 18235 | Orc:2    | Found Afoom's Magic Scroll Shop.
 18239 | Orc:2    | Found Jumpudar's Antique Armour Shop.
 18246 | Orc:2    | Found Duskaf's Distillery.
 18252 | Orc:2    | Bought a scroll of brand weapon for 142 gold pieces
 18254 | Orc:2    | Bought 2 potions of heal wounds for 150 gold pieces
 18254 | Orc:2    | Bought a potion of berserk rage for 75 gold pieces
 18354 | Orc:2    | Found a transporter.
 18354 | Orc:2    | Found Imuopp's Armour Shoppe.
 18541 | Orc:1    | Found a burning altar of Makhleb.
 18901 | Lair:3   | Reached skill level 17 in Shields
 18910 | Lair:3   | Found a staircase to the Swamp.
 19265 | Lair:3   | Received a gift from Okawaru
 19966 | Lair:3   | Found a hole to the Spider Nest.
 20142 | Lair:3   | Found a transporter.
 20266 | Lair:3   | Found a transporter.
 20541 | Lair:4   | Noticed Urug
 20550 | Lair:3   | Killed Urug
 20550 | Lair:3   | Received a gift from Okawaru
 20609 | Lair:3   | Reached skill level 18 in Shields
 20656 | Lair:4   | Reached ****** piety under Okawaru
 20796 | Lair:4   | Found a staircase to the Slime Pits.
 20821 | Lair:4   | Killed from afar by an oklob plant

Illustrated notes

Levels and vault maps discovered:
D:1:      dpeg_arrival_arbitrary_b, layout_basic, minmay_misc_feat_enclosed,
          chequers_avenue
D:2:      layout_basic, uniq_natasha, uniq_sigmund
D:3:      layout_loops_cross, nemelex_dance_club_becter,
          ebering_ecumenical_altar_abandoned, minmay_crystal_room,
          kennysheep_generic_room_13, uniq_crazy_yiuf_cottage, uniq_grinder
D:4:      layout_basic, grunt_temple_overflow_champion_of_chaos,
          chequers_serial_rivers_small_b, lexackson_kobold_supper
D:5:      layout_loops_ring, lemuel_tele_altar, pdpol_wu_jian_five_deadly_venoms
D:6:      layout_rooms, mainiacjoe_overflow_24_doors, kiku_gazebo_garden_becter,
          uniq_duvessa, uniq_edmund
D:7:      layout_basic, minmay_temple_entry_overgrown, uniq_pikel
D:8:      layout_rooms, chei_slow_surprise, enter_bailey_5
D:9:      layout_stronghold, mainiacjoe_overflow_swirl, serial_shops,
          nicolae_stop_n_shop_2, chequers_serial_rivers_micro_e,
          kennysheep_decorative_pillar, roadster_trireme
D:10:     layout_rooms, tso_metal_star, nicolae_ru_awakened_eye,
          nicolae_overflow_hidden_temple, minmay_orc_entry_temple_small,
          serial_library_hellmonk_hallway_a, minmay_misc_feat_columns,
          uniq_psyche
D:11:     layout_basic, grunt_lair_entry_orc_guard_hut, enter_trove_5,
          uniq_snorg
D:12:     layout_gridville, serial_shops, nicolae_shop_real_fake_doors,
          uniq_nessos, uniq_erolcha
Temple:   nicolae_temple_little_seven
Lair:1:   layout_small_grid, nicolae_volcano_entry_two_sided,
          chequers_serial_rivers_micro_a, nicolae_lair_grove_arrangements,
          lemuel_oklob_altar
Lair:2:   nzn_winding_woodlands_three_and_one
          [nzn_winding_woodlands_5x15_longhouse,
          nzn_winding_woodlands_5x15_pool, nzn_winding_woodlands_5x15_parted,
          nzn_winding_woodlands_center_lodge], layout_regular_city
Lair:3:   gammafunk_cloud_chamber, layout_gridlike,
          alex1729_swamp_entry_worm_eleionoma, spider_nest_entry_a,
          serial_rivers, chequers_serial_rivers_room_b,
          chequers_serial_rivers_large_b, chequers_serial_rivers_small_a,
          chequers_serial_rivers_small_b
Lair:4:   layout_gridlike, minmay_slime_entry_oklob_open, grunt_megastairs_3,
          infiniplex_staircase_pool, uniq_urug
Orc:1:    layout_caves, basic_altar, uniq_maurice
Orc:2:    st_orc_elflike, layout_caves, basic_altar, serial_shops,
          nicolae_shop_drivethru, uniq_azrael

Skill      XL: |  1  2  3  4  5  6  7  8  9 10 11 12 13 14 |
---------------+-------------------------------------------+-----
Armour         | 4 5 6 8 9 10 11 13 | 13.0
Long Blades    | 3 5 6 8 9 10 12 13 14 15 16 | 16.0
Dodging        | 1 2 3 4 5 6 7 |  7.1
Shields        | 4 5 7 8 10 11 13 16 18 | 18.3
Fighting       | 4 5 6 7 9 11 12 13 | 13.7
Stealth        | 1 3 |  3.4
Evocations     | 1 3 |  3.8
Invocations    | 1 |  1.3

Action                     |  1- 3 |  4- 6 |  7- 9 | 10-12 | 13-15 || total
---------------------------+-------+-------+-------+-------+-------++-------
  Melee: Long sword        |    73 |   158 |   362 |       |       ||   593
         Headbutt          |     4 |    22 |   161 |   129 |   194 ||   510
         Scimitar          |       |       |   184 |   479 |   747 ||  1410
 Invoke: Heroism           |       |       |       |     7 |     4 ||    11
  Evoke: Wand              |       |       |    15 |    11 |       ||    26
    Use: Potion            |     1 |       |     3 |    10 |       ||    14
         Scroll            |       |       |       |    16 |     6 ||    22
   Stab: Petrifying        |       |       |       |       |     1 ||     1
 Armour: Scale mail        |    50 |     4 |       |       |       ||    54
         Fire dragon scale |       |    71 |   164 |   190 |       ||   425
         Plate armour      |       |       |       |     8 |   322 ||   330
  Dodge: Dodged            |    35 |    47 |   115 |   206 |   191 ||   594
  Block: Buckler           |    29 |    96 |   199 |   264 |       ||   588
         Kite shield       |       |       |       |   163 |   850 ||  1013
